 Dungeon Crawl Stone Soup version 0.27-a0-1219-g958d993ae5 (webtiles) character file.

Game seed: 5003223009399479368

2 polve the Skirmisher (level 1, 0/18 HPs)
             Began as a Demonspawn Abyssal Knight on June 6, 2021.
             Was an Initiate of Lugonu.
             Slain by a gnoll
             ... wielding a +0 spear
              (8 damage)
             ... on level 1 of the Dungeon.
             The game lasted 00:00:34 (381 turns).

polve the Skirmisher (Demonspawn Abyssal Knight)     Turns: 381, Time: 00:00:34

Health: 0/18       AC:  3    Str: 12    XL:     1   Next: 33%
Magic:  2/2        EV: 11    Int: 13    God:    Lugonu [......]
Gold:   16         SH:  0    Dex: 12    Spells: 0/0 levels left

rFire    . . .     SeeInvis .   d - +2 war axe (freeze)
rCold    . . .     Faith    .   (no shield)
rNeg     . . .     Spirit   .   b - +0 leather armour
rPois    .         Reflect  .   (no helmet)
rElec    .         Harm     .   (no cloak)
rCorr    .         Rampage  .   (no gloves)
Will     .....                  (no boots)
Stlth    +.........             (no amulet)
HPRegen  0.06/turn              (no ring)
MPRegen  0.08/turn              (no ring)

@: no status effects
A: no striking features
a: Renounce Religion


You were on level 1 of the Dungeon.
You worshipped Lugonu.
Lugonu was noncommittal.
You visited 1 branch of the dungeon, and saw 1 of its levels.
You visited the Abyss 1 time.

You collected 16 gold pieces.

Inventory:

Hand Weapons
 a - a +1 short sword
 d - a +2 war axe of freezing (weapon)
Armour
 b - a +0 leather armour (worn)
Potions
 c - a potion of curing {unknown}


   Skills:
 + Level 3.2 Fighting
 - Level 1.7 Short Blades
 - Level 1.7 Armour
 - Level 0.8 Dodging
 - Level 2.4 Invocations


You couldn't memorise any spells.
You didn't know any spells.
Your spell library was empty.

Dungeon Overview and Level Annotations

Branches:
Dungeon (1/15)

Altars:


Message History

No target in view!
No target in view!
You see here 21 bolts.
A rat comes into view.
A rat is nearby!
A rat is nearby!
A rat is nearby!
A hobgoblin comes into view.
The hobgoblin shouts!
A gnoll comes into view. It is wielding a +0 spear.
Found a stone staircase leading down.
The gnoll shouts!
You hit the rat but do no damage. The rat barely misses you.
You hit the rat.
You kill the rat!
Lugonu accepts your kill.
You closely miss the hobgoblin. The gnoll closely misses you.
The hobgoblin barely misses you.
The gnoll hits you from afar with a +0 spear.
You hit the hobgoblin but do no damage. The hobgoblin closely misses you.
The gnoll hits you from afar with a +0 spear.
You are too injured to fight recklessly!
You are too injured to fight recklessly!
You are too injured to fight recklessly!
You are too injured to fight recklessly!
You see here 21 bolts.
You see here a +4 hunting sling.
There is a large open door here.
You see here a +2 war axe of freezing.
Your +2 war axe of freezing glows with a cold blue light!
d - a +2 war axe of freezing (weapon)
You barely miss the hobgoblin.
The hobgoblin hits you but does no damage.
The gnoll hits you from afar with a +0 spear.
You slash the hobgoblin! You freeze the hobgoblin.
You kill the hobgoblin!
Lugonu accepts your kill.
The gnoll hits you from afar with a +0 spear.
The gnoll hits you with a +0 spear!
You die...

###......)...#
#..#######.#
#..# ##.## #..#
#...###########
#..#
#...#8≈§≈≈≈≈≈8#
....
#.#.#.........#
##..#
#.#.#......§..#
.>.#
#.#.'....8...<#
..#.'g@..8....#
..#.#.........#
...#.#...§.....#
..#8≈≈§≈≈§≈8#
...###########
..... #....


You could see a gnoll.

Vanquished Creatures
  A hobgoblin (D:1)
  2 rats (D:1)
3 creatures vanquished.

Notes
Turn   | Place    | Note
-------+----------+-------------------------------------------
     0 | Abyss:1  | polve the Demonspawn Abyssal Knight began the quest for the
                  | Orb.
     0 | Abyss:1  | Reached XP level 1. HP: 18/18 MP: 2/2
    33 | Abyss:1  | Found a corrupted altar of Lugonu.
    66 | Abyss:1  | Noticed a tentacled starspawn
    91 | Abyss:1  | Noticed a small abomination
   103 | Abyss:1  | Noticed a wraith
   120 | D:1      | Escaped the Abyss
   381 | D:1      | Slain by a gnoll

Illustrated notes

Levels and vault maps discovered:
D:1:      lightli_arrival_noodles, layout_loops_ring, minmay_heptomino_h4

Action                   || total
-------------------------++-------
Melee: Short sword       ||     7
       War axe           ||     2
Invok: Depart the Abyss  ||     1
Armor: Leather armour    ||     2
Dodge: Dodged            ||     6

Table legend: (Time is in decaauts)
 A = Elapsed time spent in this place.
 B = Non-inter-level travel time spent in this place.
 C = Inter-level travel time spent in this place.
 D = Time resting spent in this place.
 E = Time spent auto-exploring this place.
 F = Levels seen in this place.
 G = Mean time per level.
                   A        B        C        D        E       F      G
               +--------+--------+--------+--------+--------+-----+--------+
         Total |    381 |    381 |      0 |      0 |    271 |   2 |  190.5 |
       Dungeon |    261 |    261 |      0 |      0 |    204 |   1 |  261.0 |
         Abyss |    120 |    120 |      0 |      0 |     67 |   1 |  120.0 |
               +--------+--------+--------+--------+--------+-----+--------+

Top non-repeatable levels by time:
     D:1: 261 daAuts
 Abyss:1: 120 daAuts
